 Dungeon Crawl Stone Soup version 0.32-a0-450-g080537f31e (webtiles) character file.

Game seed: 10195170042480987729

182611 porpoise the Marksminotaur (level 17, -1/146 HPs)
             Began as a Minotaur Hunter on Feb 23, 2024.
             Was a High Priest of Hepliaklqana.
             Slain by a deep elf blademaster
             ... wielding a +0 rapier
              (3 damage)
             ... on level 1 of the Elven Halls on Feb 24, 2024.
             The game lasted 02:19:45 (27232 turns).

porpoise the Marksminotaur (Minotaur Hunter)       Turns: 27232, Time: 02:19:45

Health: -1/146     AC: 19    Str: 19    XL:     17   Next: 71%
Magic:  26/26      EV: 22    Int:  8    God:    Hepliaklqana [*****.]
Gold:   2247       SH:  0    Dex: 21    Spells: 12/16 levels left

rFire   + . .        a - +0 longbow (heavy)
rCold   + + .        (shield currently unavailable)
rNeg    + + .        n - +4 ring mail {Will+}
rPois   +            y - -2 hat of the Alchemist {rElec rPois rF+ rC+ rN+ Will+ rMut rCorr}
rElec   +            B - +2 cloak {rC+}
rCorr   +            c - +1 pair of gloves
SInv    .            M - +0 pair of boots
Will    ++++.        H - amulet of regeneration
Stlth   +            h - +4 ring of slaying
HPRegen 1.24/turn    e - ring "Cecem" {rPois rN+ Will+ Str+2 Int+2}
MPRegen 0.20/turn

%: resist mutation
@: mighty
A: reduced essence, horns 2, retaliatory headbutt
a: Renounce Religion, Recall Ancestor, Ancestor Identity, Transference, Idealise


You were on level 1 of the Elven Halls.
You worshipped Hepliaklqana.
Hepliaklqana was extremely pleased with you.
You visited 5 branches of the dungeon, and saw 26 of its levels.
You also visited: Bailey and Gauntlet.

You collected 3391 gold pieces.
You spent 1144 gold pieces at shops.

Inventory:

Hand Weapons
 a - a +0 heavy longbow (weapon)
 b - a +2 orcbow of draining
Missiles
 T - 5 throwing nets
Armour
 c - a +1 pair of gloves (worn)
 n - a +4 ring mail of willpower (worn)
 y - the -2 hat of the Alchemist (worn) {rElec rPois rF+ rC+ rN+ Will+ rMut rCorr}
   (You found it in a bailey)

   rF+:       It protects you from fire.
   rC+:       It protects you from cold.
   rElec:     It insulates you from electricity.
   rPois:     It protects you from poison rN+: It protects you from negative
   energy.
   Will+:     It increases your willpower.
   rCorr:     It protects you from acid and corrosion.
   rMut:      It protects you from mutation.
 B - a +2 cloak of cold resistance (worn)
 M - a +0 pair of boots (worn)
Jewellery
 e - the ring "Cecem" (right hand) {rPois rN+ Will+ Str+2 Int+2}
   (You took it off a tengu conjurer on level 15 of the Dungeon)

   [ring of poison resistance]

   Str+2:     It affects your strength (+2).
   Int+2:     It affects your intelligence (+2).
   rPois:     It protects you from poison rN+: It protects you from negative
   energy.
   Will+:     It increases your willpower.
 h - a +4 ring of slaying (left hand)
 k - a ring of see invisible
 p - an amulet of the acrobat
 H - an amulet of regeneration (around neck)
 O - the ring of Bapleor {+Blink rN+ rCorr Str-5 Dex+6}
   (You found it on level 15 of the Dungeon)

   [ring of dexterity]

   Str-5:     It affects your strength (-5).
   Dex+6:     It affects your dexterity (+6).
   rN+:       It protects you from negative energy.
   +Blink:    It lets you blink.
   rCorr:     It protects you from acid and corrosion.
Wands
 v - a wand of polymorph (11)
 N - a wand of charming (28)
 S - a wand of mindburst (32)
 V - a wand of flame (34)
 X - a wand of iceblast (23)
 Z - a wand of acid (3)
Scrolls
 f - a scroll of revelation
 g - 4 scrolls of teleportation
 j - 4 scrolls of vulnerability
 l - 5 scrolls of identify
 o - a scroll of fog
 u - 2 scrolls of poison
 A - 5 scrolls of fear
 C - 3 scrolls of butterflies
 K - 2 scrolls of blinking
Potions
 d - 12 potions of curing
 i - 6 potions of haste
 m - a potion of berserk rage
 q - 2 potions of lignification
 r - 11 potions of attraction
 z - 6 potions of might
 E - 2 potions of ambrosia
 J - a potion of cancellation
 Y - 2 potions of heal wounds
Miscellaneous
 x - a sack of spiders
 I - a phantom mirror
 U - a lightning rod (4/4)


   Skills:
 - Level 18.0 Fighting
 * Level 18.5 Ranged Weapons
 - Level 18.0 Armour
 - Level 16.0 Dodging
 - Level 0.7 Stealth
 - Level 14.5 Invocations
 + Level 10.5 Evocations


You had 12 spell levels left.
You knew the following spells:

 Your Spells              Type           Power      Damage    Failure   Level
a - Dimensional Bullseye  Hex/Tloc       0%         N/A       99%         4

Your spell library contained the following spells:

 Spells                   Type           Power      Damage    Failure   Level
 Apportation              Tloc           0%         N/A       52%         1
 Foxfire                  Conj/Fire      0%         2x1d4     52%         1
 Necrotise                Necr           0%         1d4       52%         1
 Sandblast                Erth           0%         2d4       52%         1
 Sting                    Conj/Alch      0%         1d3       52%         1
 Summon Small Mammal      Summ           0%         N/A       52%         1
 Jinxbite                 Hex            0%         N/A       67%         2
 Momentum Strike          Conj/Tloc      0%         3d8       67%         2
 Scorch                   Fire           0%         2d5       67%         2
 Sublimation of Blood     Necr           0%         N/A       67%         2
 Call Canine Familiar     Summ           0%         N/A       88%         3
 Gell's Gravitas          Tloc           0%         N/A       88%         3
 Mephitic Cloud           Conj/Alch/Air  0%         N/A       88%         3
 Passwall                 Erth           0%         N/A       88%         3
 Sigil of Binding         Hex            0%         N/A       88%         3
 Stone Arrow              Conj/Erth      0%         3d7       88%         3
 Teleport Other           Tloc           0%         N/A       88%         3
 Tukima's Dance           Hex            0%         N/A       88%         3
 Animate Dead             Necr           0%         N/A       99%         4
 Brom's Barrelling Bould  Conj/Erth      0%         2d3       99%         4
 Cause Fear               Hex            0%         N/A       99%         4
 Flame Wave               Conj/Fire      0%         2d4       99%         4
 Iskenderun's Mystic Bla  Conj/Tloc      0%         2d3       99%         4
 Olgreb's Toxic Radiance  Alch           0%         N/A       99%         4
 Passage of Golubria      Tloc           0%         N/A       99%         4
 Petrify                  Alch/Erth      0%         N/A       99%         4
 Summon Blazeheart Golem  Fire/Summ      0%         N/A       99%         4
 Alistair's Intoxication  Alch           0%         N/A       100%        5
 Arcjolt                  Conj/Air       0%         1d10      100%        5
 Borgnjor's Vile Clutch   Necr/Erth      0%         N/A       100%        5
 Fireball                 Conj/Fire      0%         3d3       100%        5
 Irradiate                Conj/Alch      0%         3d11      100%        5
 Summon Forest            Summ/Tloc      0%         N/A       100%        5
 Yara's Violent Unravell  Hex/Alch       0%         3d3       100%        5
 Bombard                  Conj/Erth      0%         9d1       100%        6
 Death Channel            Necr           0%         N/A       100%        6
 Dispersal                Tloc           0%         N/A       100%        6
 Eringya's Noxious Bog    Alch           0%         4d6       100%        6
 Plasma Beam              Fire/Air       0%         2x1d10    100%        6
 Sculpt Simulacrum        Ice/Alch       0%         N/A       100%        6
 Starburst                Conj/Fire      0%         6d3       100%        6
 Summon Cactus Giant      Summ           0%         N/A       100%        6
 Orb of Destruction       Conj           0%         9d5       100%        7
 Ozocubu's Refrigeration  Ice            0%         4d7       100%        7
 Spellforged Servitor     Conj/Summ      0%         N/A       100%        7
 Summon Hydra             Summ           0%         N/A       100%        7
 Discord                  Hex            0%         N/A       100%        8
 Chain Lightning          Conj/Air       0%         N/A       100%        9
 Dragon's Call            Summ           0%         N/A       100%        9
 Fire Storm               Conj/Fire      0%         5d1       100%        9
 Shatter                  Erth           0%         3d5*      100%        9


Dungeon Overview and Level Annotations

Branches:
Dungeon (15/15)            Temple (1/1) D:5            Lair (5/5) D:8
 Shoals (0/4) Lair:2       Spider (0/4) Lair:2        Slime (0/5) Lair:4
    Orc (2/2) D:9             Elf (3/3) Orc:2        Vaults (0/5) D:13
 Depths (0/4) D:15         Bailey (visited)         Gauntlet (visited)

Altars:
Ashenzari
Cheibriados
Dithmenos
Elyvilon
Fedhas
Gozag
Hepliaklqana
Kikubaaqudgha
Makhleb
Nemelex Xobeh
Okawaru
Qazlal
Ru
Sif Muna
Trog
Uskayaw
Vehumet
Wu Jian
Xom
Yredelemnul
Zin
The Shining One
Beogh
Jiyva

Shops:
D:4 (*   D:9 ![*!   D:15 ([:   Orc:2 ((=[   Elf:1 *=   Elf:2 (

Annotations:
D:6 1 runed translucent door, Sobieck's ghost, novice CoHu
D:11 2 runed translucent doors, cforsyth's ghost, journeyman CoGl
Lair:3 2 runed translucent doors, Uleac's ghost, journeyman DsNe
Elf:3 not finished


Innate Abilities, Weirdness & Mutations

Your life essence is reduced to manifest your ancestor. (-10% HP)
You have a pair of horns on your head.
You reflexively headbutt those who attack you in melee.


Message History

The arrow hits the deep elf blademaster!!!
The deep elf blademaster is severely wounded.
The deep elf blademaster misses you.
The deep elf blademaster hits you but does no damage.
The deep elf blademaster completely misses you. x2
Nikki barely misses the deep elf blademaster.
The deep elf blademaster hits you with a +0 rapier!
The deep elf blademaster hits you but does no damage.
The deep elf blademaster completely misses you.
The deep elf blademaster misses you.
You are too injured to fight recklessly!
Unknown command.
You shoot an arrow.
The arrow hits the deep elf blademaster!!
The deep elf blademaster is almost dead.
The deep elf blademaster hits you with a +0 rapier!
The deep elf blademaster closely misses you.
The deep elf blademaster hits you with a +0 rapier.
The deep elf blademaster hits you but does no damage.
Nikki barely misses the deep elf blademaster.
The deep elf blademaster hits you with a +0 rapier!
* * * LOW HITPOINT WARNING * * *
The deep elf blademaster hits you with a +0 rapier!
* * * LOW HITPOINT WARNING * * *
The deep elf blademaster hits you with a +0 rapier!
* * * LOW HITPOINT WARNING * * *
The deep elf blademaster hits you with a +0 rapier.
* * * LOW HITPOINT WARNING * * *
You feel much better.
The deep elf blademaster hits you with a +0 rapier.
* * * LOW HITPOINT WARNING * * *
The deep elf blademaster hits you with a +0 rapier!
* * * LOW HITPOINT WARNING * * *
The deep elf blademaster hits you with a +0 rapier!!
* * * LOW HITPOINT WARNING * * *
The deep elf blademaster barely misses you.
Nikki misses the deep elf blademaster.
The deep elf blademaster hits you with a +0 rapier.
You die...
Hepliaklqana delivers you to your ancestors.

##....##.# #.............#
#......#.# #.............#
+......#.#####.............#
+......#.....'.............#
#).....#..####.............#
##....##.'####.............#
########.....#...R...#..|..#
#................e..##....§#
#..##...........@e.###.....#
..###.............## #.....#
.## #.........###'####.....#
.# #....##.....##...'....##
## #....#..≈≈≈..#.###...## #
#....#.≈≈≈≈≈.#.# ##.##
#....#.≈≈≈≈≈.#.# ###
#####....#.≈≈≈≈≈.###
'..##....#..≈≈≈..#


You could see the friendly Nikki the knight and 2 deep elf blademasters.

Vanquished Creatures
  2 deep elf blademasters
  2 deep elf master archers (Elf:3)
  Gastronok (Lair:2)
  Kirke (Elf:1)
  5 deep elf sorcerers
  3 deep elf elementalists (Elf:3)
  3 deep elf demonologists
  Azrael (D:13)
  A minotaur (Gauntlet)
  7 deep elf annihilators (Elf:3)
  Snorg (Lair:3)
  An ettin (D:15)
  2 deep elf high priests (Elf:3)
  A rakshasa (D:15)
  A great orb of eyes (D:15)
  3 vault guards (D:15)
  Harold (D:9)
  An ice dragon (Lair:4)
  9 hydras
  4 catoblepae
  Erolcha (Orc:1)
  7 centaur warriors (D:15)
  18 dancing weapons
  Erica (Lair:2)
  5 boulder beetles
  2 two-headed ogres (D:11)
  2 deep troll earth magi (D:15)
  A tengu warrior (D:15)
  A hell hog (Lair:5)
  2 death yaks (Lair:5)
  An occultist (D:15)
  An orc high priest (Orc:2)
  8 deep elf knights
  A skyshark (Lair:1)
  A pharaoh ant (Lair:2)
  A skeletal warrior (D:13)
  An arcanist (D:15)
  3 harpies (D:15)
  A necromancer (D:15)
  9 deep elf archers
  Pikel (D:6)
  3 orc knights
  30 deep elf pyromancers
  24 deep elf zephyrmancers
  9 ugly things
  4 manticores
  An oklob plant (Lair:2)
  Maurice (D:10)
  4 cyclopes
  4 orc sorcerers (Orc:2)
  4 elephants (Lair:3)
  A moth of wrath (Gauntlet)
  5 kobold blastminers
  6 slime creatures
  6 black mambas
  A water nymph (Lair:2)
  A centaur skeleton (D:15)
  11 cane toads
  A gargoyle (D:10)
  2 molten gargoyles (Lair:5)
  8 rime drakes
  3 kobold demonologists
  An efreet (D:14)
  12 komodo dragons
  A cane toad (shapeshifter) (Elf:2)
  4 tengu conjurers (D:15)
  An ice devil (Lair:4)
  A harpy zombie (D:15)
  5 hornets
  A queen bee (shapeshifter) (D:15)
  3 polar bears
  6 trolls
  5 blink frogs
  A wolf spider simulacrum (D:15)
  A tarantella (shapeshifter) (D:15)
  2 glass eyes (D:15)
  Sigmund (D:2)
  A shadow (D:11)
  3 vampires
  A dire elephant simulacrum (Lair:4)
  An air elemental (Elf:3)
  21 yaks
  5 basilisks
  A fire elemental (D:13)
  4 wraiths
  3 wyverns
  A hog (Elf:1)
  2 water elementals (Elf:1)
  A golden eye (shapeshifter) (D:15)
  A steam dragon (Lair:5)
  A warg (Orc:2)
  3 redbacks
  A death yak simulacrum (Lair:4)
  A harpy simulacrum (Lair:4)
  5 hell hounds
  An acid dragon (D:9)
  11 water moccasins
  2 black bears
  27 orc warriors
  A black bear (shapeshifter) (D:13)
  5 ice beasts
  4 laughing skulls
  9 boggarts
  11 wolves
  4 ogres
  10 centaurs
  A phantom (D:5)
  8 bullfrogs
  A kobold brigand (D:6)
  2 gnoll sergeants
  4 earth elementals
  3 scorpions
  2 wights (D:9)
  A two-headed ogre simulacrum (Lair:4)
  3 jellies
  4 killer bees (D:9)
  7 howler monkeys
  4 lava snakes (Lair:5)
  2 bombardier beetles
  2 gnoll boudas
  32 orc priests
  4 hounds
  2 sleepcaps
  4 iguanas
  37 orc wizards
  2 spriggan simulacra (Lair:4)
  18 gnolls
  7 adders
  A shadow imp (D:5)
  A white imp (D:7)
  3 ufetubi
  3 dart slugs
  6 ribbon worms
  65 orcs
  7 ball pythons
  A bat (D:1)
  6 endoplasms
  A giant cockroach (D:1)
  3 goblins
  7 hobgoblins
  2 jackals (D:5)
  13 kobolds
  5 quokkas
  A frilled lizard (D:2)
  4 rats
712 creatures vanquished.

Vanquished Creatures (collateral kills)
  2 deep elf master archers (Elf:3)
  A frost giant (D:15)
  A deep elf elementalist (Elf:3)
  3 deep elf death magi
  A deep elf annihilator (Elf:3)
  An ettin (D:15)
  An entropy weaver (shapeshifter) (D:15)
  A fire dragon (D:14)
  2 deep elf high priests (Elf:3)
  A vault guard (D:15)
  A great orb of eyes (D:15)
  A hydra (Lair:3)
  A catoblepas (D:15)
  2 centaur warriors (D:15)
  7 dancing weapons
  2 death yaks (Lair:5)
  A deep troll earth mage (D:15)
  A hell hog (Lair:5)
  An orc high priest (Orc:2)
  6 deep elf knights
  A fire crab (shapeshifter) (D:14)
  A skeletal warrior (D:15)
  A skyshark (Lair:1)
  2 deep elf archers (Elf:1)
  A lindwurm (Lair:5)
  A harpy (D:15)
  2 deep elf zephyrmancers
  4 deep elf pyromancers
  2 manticores
  2 black mambas
  2 centaur skeletons (D:15)
  A gargoyle (D:13)
  2 komodo dragons
  A molten gargoyle (Lair:5)
  2 cane toads
  A polar bear (Lair:5)
  A hornet (Gauntlet)
  A blink frog (Lair:3)
  3 slime creatures (D:14)
  A vampire (D:11)
  A centaur simulacrum (D:14)
  2 wyverns
  An air elemental (Elf:1)
  2 water elementals
  5 yaks
  3 hogs (Elf:1)
  A fire elemental (Elf:3)
  A redback (Gauntlet)
  2 hell hounds (D:13)
  A water moccasin (Lair:3)
  3 orc warriors
  An ice beast (D:8)
  A hornet zombie (D:15)
  3 boggarts (D:15)
  3 wolves
  A laughing skull (D:15)
  An earth elemental (Elf:1)
  A scorpion (D:7)
  A two-headed ogre simulacrum (Lair:4)
  A wight (D:9)
  3 killer bees (D:9)
  A gnoll bouda (D:8)
  An orc priest (Orc:2)
  A hound (D:7)
  5 orc wizards
  A polar bear simulacrum (Lair:4)
  A spriggan simulacrum (Lair:4)
  7 orcs
  3 kobolds
127 creatures vanquished.

Vanquished Creatures (others)
  A deep elf knight (Elf:3)
  A hell hound (D:13)
  17 knights
  3 ancestors
22 creatures vanquished.

Grand Total: 861 creatures vanquished

Notes
Turn   | Place    | Note
-------+----------+-------------------------------------------
     0 | D:1      | porpoise the Minotaur Hunter began the quest for the Orb.
     0 | D:1      | Reached XP level 1. HP: 18/18 MP: 0/0
    73 | D:1      | Reached XP level 2. HP: 18/25 MP: 1/1
   270 | D:1      | Reached skill level 5 in Ranged Weapons
   362 | D:1      | Reached skill level 1 in Armour
   525 | D:2      | Reached XP level 3. HP: 31/31 MP: 2/2
   756 | D:2      | Noticed Sigmund
   766 | D:2      | Killed Sigmund
   767 | D:2      | Reached XP level 4. HP: 19/40 MP: 3/3
   767 | D:2      | Reached XP level 5. HP: 22/46 MP: 4/4
   893 | D:2      | Identified the staff of Arphuacemn {rElec rPois Str-4 SInv
                  | Fire Alchemy}
  1226 | D:2      | Found a faded altar of an unknown god.
  1450 | D:3      | Reached XP level 6. HP: 16/53 MP: 5/5
  2179 | D:4      | Found Bepnomopni's General Store.
  2188 | D:4      | Found Fuitwoqo's Antique Weapon Shop.
  2244 | D:4      | Bought a runed orcbow for 162 gold pieces
  2504 | D:5      | Entered Level 5 of the Dungeon
  2525 | D:5      | Reached skill level 5 in Fighting
  2566 | D:5      | Reached XP level 7. HP: 38/61 MP: 6/6
  2996 | D:5      | Identified the +2 great sword of Tension {spect, rPois rF+
                  | Dex+4}
  3002 | D:5      | Reached XP level 8. HP: 63/71 MP: 7/7
  3643 | D:5      | Found a staircase to the Ecumenical Temple.
  3652 | Temple   | Entered the Ecumenical Temple
  3691 | Temple   | Became a worshipper of Hepliaklqana the Forgotten
  3922 | D:6      | Reached skill level 10 in Ranged Weapons
  3972 | D:6      | Noticed Pikel
  3982 | D:6      | Killed Pikel
  3983 | D:6      | Reached XP level 9. HP: 81/81 MP: 8/8
  4361 | D:6      | Reached * piety under Hepliaklqana
  4401 | D:6      | Found a runed translucent door.
  4401 | D:6      | Noticed Sobieck's ghost (novice CoHu)
  5348 | D:7      | Reached ** piety under Hepliaklqana
  5349 | D:7      | Remembered your ancestor Nikki as a knight
  5681 | D:8      | Reached XP level 10. HP: 63/81 MP: 9/9
  6148 | D:8      | Found a staircase to the Lair.
  6262 | D:8      | Reached skill level 5 in Armour
  6470 | D:8      | Reached *** piety under Hepliaklqana
  6858 | D:9      | Found Fed Zuef's Distillery.
  6865 | D:9      | Bought a potion of heal wounds for 55 gold pieces
  6865 | D:9      | Bought a potion of degeneration for 11 gold pieces
  6954 | D:9      | Found a staircase to the Orcish Mines.
  7005 | D:9      | Reached skill level 5 in Dodging
  7025 | D:9      | Noticed Harold
  7033 | D:9      | Killed Harold
  7103 | D:9      | Found Vatt's Assorted Antiques.
  7107 | D:9      | Found Mopuokhloi's Armour Boutique.
  7113 | D:9      | Found Okuazej's Distillery.
  7121 | D:9      | Bought a potion of curing for 39 gold pieces
  7121 | D:9      | Bought a potion of heal wounds for 65 gold pieces
  7398 | D:10     | Entered Level 10 of the Dungeon
  7417 | D:10     | Noticed a gargoyle
  7426 | D:10     | Killed a gargoyle
  7442 | D:10     | Reached skill level 15 in Ranged Weapons
  7442 | D:10     | Reached XP level 11. HP: 87/87 MP: 10/10
  7537 | D:10     | Found a flagged portal.
  7548 | Bailey   | Entered a bailey
  7625 | Bailey   | Noticed an orc knight
  7633 | Bailey   | Killed an orc knight
  7677 | Bailey   | Found a large runed translucent door.
  7677 | Bailey   | Found a large runed translucent door.
  7678 | Bailey   | Noticed a deep elf pyromancer
  7690 | Bailey   | Found the -2 hat of the Alchemist {rElec rPois rF+ rC+ rN+
                  | Will+ rMut rCorr}
  7730 | Bailey   | Killed a deep elf pyromancer
  7919 | D:10     | Found a glowing golden altar of the Shining One.
  7921 | D:10     | Noticed an angel
  8012 | D:10     | Found a basalt altar of Yredelemnul.
  8012 | D:10     | Noticed Maurice
  8023 | D:10     | Killed Maurice
  8026 | D:10     | Noticed a profane servitor
  8167 | Lair:1   | Entered Level 1 of the Lair of Beasts
  8238 | Lair:1   | Reached skill level 1 in Invocations
  8282 | Lair:1   | Reached **** piety under Hepliaklqana
  8300 | Lair:1   | Reached skill level 10 in Armour
  8584 | Lair:1   | Noticed a skyshark
  8595 | Lair:1   | Killed a skyshark
  8866 | Lair:1   | Identified a scroll of acquirement
  8866 | Lair:1   | Acquired a manual of Invocations
  8909 | Lair:2   | Noticed a seven-headed hydra
  8912 | Lair:2   | Noticed a skyshark
  8931 | Lair:1   | Killed a skyshark
  8932 | Lair:1   | Reached skill level 5 in Invocations
  8932 | Lair:1   | Reached XP level 12. HP: 76/93 MP: 14/14
  9189 | Lair:2   | Found a hole to the Spider Nest.
  9204 | Lair:2   | Noticed Gastronok
  9214 | Lair:2   | Killed Gastronok
  9215 | Lair:2   | Reached skill level 10 in Fighting
  9259 | Lair:2   | Killed a seven-headed hydra
  9316 | Lair:2   | Noticed a four-headed hydra
  9320 | Lair:2   | Killed a four-headed hydra
  9467 | Lair:2   | Found the +1 robe of Vines {NoPotionHeal Regen++++}
  9549 | Lair:2   | Noticed Erica
  9561 | Lair:2   | Killed Erica
 10026 | Lair:3   | Reached skill level 10 in Invocations
 10068 | Lair:3   | Found a large runed translucent door.
 10069 | Lair:3   | Found a large runed translucent door.
 10139 | Lair:3   | Found a gate leading to a gauntlet.
 10173 | Gauntlet | Entered a Gauntlet
 10173 | Gauntlet | Found a transporter.
 10183 | Gauntlet | Found a transporter.
 10190 | Gauntlet | Found a transporter.
 10205 | Gauntlet | Found a transporter.
 10205 | Gauntlet | Found the +9 sword of Zonguldrok {reap}
 10207 | Gauntlet | Found a transporter.
 10218 | Gauntlet | Found a transporter.
 10240 | Gauntlet | Found a transporter.
 10254 | Gauntlet | Found a transporter.
 10262 | Gauntlet | Found a transporter.
 10267 | Gauntlet | Found a transporter.
 10276 | Gauntlet | Found a runed translucent door.
 10277 | Gauntlet | Found a transporter.
 10294 | Gauntlet | Reached ***** piety under Hepliaklqana
 10297 | Gauntlet | Found a transporter.
 10298 | Gauntlet | Noticed a six-headed hydra
 10307 | Gauntlet | Found a transporter.
 10339 | Gauntlet | Found a runed translucent door.
 10345 | Gauntlet | Found a transporter.
 10540 | Gauntlet | Identified the +4 battleaxe "Ytounen" {elec, Str+4 Stlth+}
 10635 | Gauntlet | Reached skill level 1 in Evocations
 10642 | Gauntlet | Reached XP level 13. HP: 103/104 MP: 18/20
 10651 | Gauntlet | Identified the amulet of the Princess {Spirit rElec rCorr
                  | Int-2}
 10685 | Gauntlet | Noticed a minotaur
 10699 | Gauntlet | Killed a minotaur
 11091 | Lair:3   | Noticed Snorg
 11096 | Lair:3   | Killed Snorg
 11375 | Lair:3   | Noticed Uleac's ghost (journeyman DsNe)
 12041 | Lair:4   | Found a staircase to the Slime Pits.
 12041 | Lair:4   | Found a viscous altar of Jiyva.
 13052 | D:11     | Reached skill level 5 in Evocations
 13162 | D:11     | Found a runed translucent door.
 13165 | D:11     | Found a runed translucent door.
 13167 | D:11     | Noticed an orc warlord
 13167 | D:11     | Noticed cforsyth's ghost (journeyman CoGl)
 13169 | D:11     | Noticed a lich
 14402 | D:13     | Reached skill level 10 in Dodging
 14730 | D:13     | Noticed Azrael
 14733 | D:13     | Reached XP level 14. HP: 113/113 MP: 23/23
 14752 | D:13     | Killed Azrael
 14764 | D:13     | HP: 5/113 [cyan ugly thing (11)]
 14764 | D:13     | HP: 1/113 [cyan ugly thing (4)]
 15077 | D:13     | Reached ****** piety under Hepliaklqana
 15098 | D:13     | Found a gate to the Vaults.
 16817 | D:15     | Entered Level 15 of the Dungeon
 17198 | Orc:1    | Entered Level 1 of the Orcish Mines
 17240 | Orc:1    | Found a roughly hewn altar of Beogh.
 17297 | Orc:2    | Entered Level 2 of the Orcish Mines
 17412 | Orc:1    | Noticed Erolcha
 17418 | Orc:1    | Killed Erolcha
 17999 | Orc:2    | Reached skill level 15 in Armour
 18508 | Orc:2    | Found a staircase to the Elven Halls.
 18649 | Orc:2    | Found Sutuv's Jewellery Shoppe.
 18656 | Orc:2    | Found Sadoaff's Weapon Emporium.
 18656 | Orc:2    | Found Baomm's Weapon Emporium.
 18657 | Orc:2    | Found Vimoco's Antique Armour Shoppe.
 18696 | Orc:2    | Bought a masterwork chain mail for 285 gold pieces
 18696 | Orc:2    | Identified the +2 chain mail of Qiji {Regen+ Str-5 Int-5
                  | Dex+8} (You bought it in a shop on level 2 of the Orcish
                  | Mines)
 18951 | Lair:5   | Entered Level 5 of the Lair of Beasts
 19086 | Lair:5   | Identified the +7 short sword "Pucwety" {spect, rC+ Str-3
                  | Dex+2}
 19431 | Lair:5   | Reached XP level 15. HP: 105/122 MP: 20/24
 19612 | Lair:5   | Found a large runed translucent door.
 19679 | Lair:5   | Found a large runed translucent door.
 20516 | D:15     | Found Xeirr's Armour Boutique.
 20524 | D:15     | Bought a +4 ring mail of willpower for 527 gold pieces
 20603 | D:15     | Identified the ring of Eternity {*Slow +Blink rElec rN++
                  | Int+6}
 20739 | D:15     | Noticed a frost giant
 20748 | D:15     | Killed a frost giant
 20986 | D:15     | Found a transporter.
 21100 | D:15     | Found a transporter.
 21145 | D:15     | Found a staircase to the Depths.
 21151 | D:15     | Reached skill level 15 in Fighting
 21256 | D:15     | Got Gourph's Omnibus of Chrysopoeia and Exhalation
 21286 | D:15     | Found Poapt's Book Shop.
 21355 | D:15     | Identified the ring of Bapleor {+Blink rN+ rCorr Str-5
                  | Dex+6}
 21785 | D:15     | Identified the ring "Cecem" {rPois rN+ Will+ Str+2 Int+2}
 21858 | D:15     | Found Junlan's Antique Weapon Boutique.
 21897 | D:15     | Reached XP level 16. HP: 135/135 MP: 25/25
 22158 | Elf:1    | Entered Level 1 of the Elven Halls
 22511 | Elf:1    | Noticed Kirke
 22521 | Elf:1    | Noticed a sphinx
 22535 | Elf:1    | Killed Kirke
 22888 | Elf:1    | Got Tare's Incunabulum of Conflict
 23075 | Elf:1    | Found Qaeduiv's Jewellery Shop.
 23364 | Elf:1    | Found Adilonk's Assorted Antiques.
 23610 | Elf:2    | Found a runed translucent gate.
 23611 | Elf:2    | Found a runed translucent gate.
 23611 | Elf:2    | Found a runed translucent gate.
 24126 | Elf:2    | Found Myuzo's Antique Weapon Boutique.
 24260 | Elf:2    | Reached skill level 15 in Dodging
 24396 | Elf:2    | Noticed a deep elf blademaster
 24404 | Elf:2    | Killed a deep elf blademaster
 24415 | Elf:2    | Reached XP level 17. HP: 71/144 MP: 26/26
 24938 | Lair:1   | Learned a level 4 spell: Dimensional Bullseye
 24954 | Lair:1   | Upgraded the game from 0.32-a0-433-g08bcfe7efd to
                  | 0.32-a0-450-g080537f31e
 25130 | Elf:3    | Entered Level 3 of the Elven Halls
 25622 | Elf:3    | Noticed a deep elf master archer
 25635 | Elf:3    | Noticed a deep elf master archer
 25638 | Elf:3    | Killed a deep elf master archer
 25771 | Elf:3    | Killed a deep elf master archer
 25889 | Elf:3    | Noticed a deep elf master archer
 25895 | Elf:3    | Killed a deep elf master archer
 25940 | Elf:3    | Reached skill level 10 in Evocations
 25941 | Elf:3    | Noticed a deep elf blademaster
 25942 | Elf:3    | Noticed a deep elf blademaster
 25945 | Elf:3    | Noticed an Ice Fiend
 25971 | Elf:3    | Killed a deep elf blademaster
 26721 | Elf:3    | Killed a ghostly deep elf blademaster
 26851 | Elf:3    | Noticed a deep elf master archer
 26857 | Elf:3    | Killed a deep elf master archer
 26936 | Elf:3    | Noticed a deep elf blademaster
 27232 | Elf:1    | HP: 2/146 [deep elf blademaster/+0 rapier (21)]
 27232 | Elf:1    | Slain by a deep elf blademaster

Illustrated notes

Levels and vault maps discovered:
D:1:      dpeg_arrival_houses_and_road, layout_rooms
D:2:      layout_loops_ring, ebering_ecumenical_altar_mist, uniq_sigmund
D:3:      layout_rooms
D:4:      layout_cave_pools, serial_shops, nicolae_shop_just_a_little_nook,
          nicolae_stop_n_shop_2, kennysheep_generic_room_9
D:5:      layout_basic, lemuel_temple_firewalk_a,
          minmay_fractal_squares_diagonal_5
D:6:      minmay_polygon_palace, layout_cave_pods, gammafunk_ghost_grave,
          uniq_pikel
D:7:      layout_gridville, nicolae_nh_ransacked_shop
D:8:      layout_basic, hellmonk_lair_entry_icy
D:9:      layout_rooms, david_orc_3, serial_shops, shop, nicolae_stop_n_shop_1,
          shop, shop, hex_large, uniq_harold
D:10:     layout_basic, grunt_temple_overflow_holy_war, enter_bailey_2,
          uniq_maurice
D:11:     layout_loops_ring, muffindrake_ghost_dual_entry,
          kennysheep_generic_room_5
D:12:     layout_gridville
D:13:     layout_layer_cave, hellmonk_vaults_attempted_burglary, uniq_azrael
D:14:     layout_roguey, chequers_serial_rivers_room_a
D:15:     hangedman_spin_cycle
Temple:   mainiacjoe_temple_cubbyholes
Lair:1:   layout_roguey
Lair:2:   layout_misc_corridors, nicolae_shoals_entry_flooding,
          nicolae_spider_entry_lesser_pyramids, hellmonk_guarded_unrand_vines,
          uniq_gastronok, uniq_erica
Lair:3:   layout_cave_pods, gauntlet_entry_generic, ebering_ghost_disaster_area,
          uniq_snorg
Lair:4:   dreamdust_isle_of_ice, layout_cave_pods, slime_entry_1
Lair:5:   cheibrodos_lair_end_hotspot, layout_regular_city,
          mumra_transporter_accident
Orc:1:    layout_caves, mines2_david, uniq_erolcha
Orc:2:    st_orc_mages, layout_caves
Elf:1:    nicolae_elf_arrival_fired_up, layout_gridlike, serial_shops,
          nicolae_shop_tiny_statue_garden, nicolae_lakefront_shop,
          minmay_elf_sorcery, uniq_kirke
Elf:2:    nicolae_elf_blades_crystal_corner, layout_geoelf_grid, serial_shops,
          shop, minmay_curled_crystal
Elf:3:    nooodl_elf_gasket, layout_geoelf_diagonals

Skill      XL: |  1  2  3  4  5  6  7  8  9 10 11 12 13 14 15 16 17 |
---------------+----------------------------------------------------+-----
Fighting       | 3 4 5 6 8 9 12 13 15 17 18 | 18.0
Ranged Weapons | 5 6 7 9 11 13 15 16 18 | 18.5
Armour         | 1 2 3 4 7 12 14 15 18 | 18.0
Dodging        | 3 5 7 10 12 15 16 | 16.0
Invocations    | 5 10 13 14 | 14.5
Evocations     | 1 5 7 8 10 | 10.5
Stealth        | |  0.7

Action                     |  1- 3 |  4- 6 |  7- 9 | 10-12 | 13-15 | 16-18 || total
---------------------------+-------+-------+-------+-------+-------+-------++-------
  Melee: Arbalest          |       |       |       |       |     2 |       ||     2
         Headbutt          |       |       |       |       |     1 |       ||     1
   Fire: Shortbow          |   104 |   125 |       |       |       |       ||   229
         Orcbow            |       |    51 |   285 |   600 |  1286 |   648 ||  2870
         Arbalest          |       |       |       |       |    57 |       ||    57
         Longbow           |       |       |       |       |       |    69 ||    69
  Throw: Dart              |       |       |       |     3 |       |       ||     3
 Invoke: Ancestor Identity |       |       |     2 |       |       |       ||     2
         Ancestor Life: Kn |       |       |     1 |       |       |       ||     1
         Recall Ancestor   |       |       |       |     3 |     2 |     1 ||     6
         Idealise          |       |       |       |       |     3 |     4 ||     7
  Evoke: Wand              |       |       |       |       |     4 |     2 ||     6
    Use: Scroll            |     1 |     1 |     5 |    20 |     2 |    11 ||    40
         Potion            |       |       |       |       |     1 |     4 ||     5
 Armour: Leather armour    |     5 |       |       |       |       |       ||     5
         Ring mail         |    37 |    61 |    79 |    66 |   293 |   270 ||   806
  Dodge: Dodged            |    33 |    73 |    53 |   146 |   490 |   183 ||   978

Table legend: (Time is in decaauts)
 A = Elapsed time spent in this place.
 B = Non-inter-level travel time spent in this place.
 C = Inter-level travel time spent in this place.
 D = Time resting spent in this place.
 E = Time spent auto-exploring this place.
 F = Levels seen in this place.
 G = Mean time per level.
                   A        B        C        D        E       F      G
               +--------+--------+--------+--------+--------+-----+--------+
         Total |  26814 |  23747 |   3067 |   4413 |  12170 |  28 |  957.6 |
       Dungeon |  13825 |  12358 |   1467 |   1989 |   7693 |  15 |  921.7 |
        Temple |     76 |      7 |     69 |      0 |      0 |   1 |   76.0 |
          Lair |   6099 |   5136 |    963 |    508 |   2739 |   5 | 1219.8 |
  Orcish Mines |   1695 |   1450 |    245 |    363 |    293 |   2 |  847.5 |
   Elven Halls |   4327 |   4006 |    321 |   1405 |   1436 |   3 | 1442.3 |
        Bailey |    261 |    261 |      0 |     12 |      0 |   1 |  261.0 |
      Gauntlet |    527 |    527 |      0 |    136 |      9 |   1 |  527.0 |
               +--------+--------+--------+--------+--------+-----+--------+

Top non-repeatable levels by time:
  Lair:1: 1839 daAuts
   Elf:2: 1709 daAuts
     D:8: 1606 daAuts
    D:13: 1581 daAuts
   Elf:1: 1536 daAuts
     D:5: 1224 daAuts
  Lair:5: 1194 daAuts
    D:15: 1187 daAuts
   Orc:2: 1179 daAuts
     D:6: 1138 daAuts
  Lair:4: 1115 daAuts
   Elf:3: 1082 daAuts
    D:11: 1077 daAuts
  Lair:2: 1042 daAuts
    D:14: 1014 daAuts
